Map: Triton LE

Players

Ratl - Winner!

  • Race: Protoss Protoss
  • League: Silver
  • Spawn Location: 11:00

WoOdPuShEr

  • Race: Protoss Protoss
  • League: Silver
  • Spawn Location: 5:00

VOD

Have the link to the VOD?

Description

Time

  • Played on: Feb. 11, 2020, 8:32 p.m.
  • Length: 17:45
Show
View Real Time Build Order
Export as new Build Order

Ratl Protoss - Winner!

Build Orders: 1 Gate Expand 

Get SALT Encoding   

  12  0:01  Probe  
  13  0:13  Probe  
  14  0:19  Pylon  
  14  0:25  Probe  
  15  0:37  Probe (Chrono Boost), Gateway  
  16  0:48  Assimilator  
  16  0:49  Probe (Chrono Boost)  
  17  0:54  Probe (Chrono Boost)  
  18  1:04  Probe  
  19  1:16  Probe  
  20  1:28  Probe  
  20  1:30  Nexus  
  21  1:40  Probe  
  21  1:42  Assimilator  
  22  1:52  Probe  
  23  1:54  Cybernetics Core  
  23  2:00  Pylon  
  23  2:07  Pylon  
  23  2:18  Probe (Chrono Boost)  
  24  2:28  Pylon  
  25  2:30  Probe (Chrono Boost)  
  25  2:38  Probe (Chrono Boost)  
  25  2:42  Probe (Chrono Boost)  
  25  2:43  Stalker  
  29  2:45  Probe (Chrono Boost), Warp Gate  
  30  2:53  Gateway  
  30  2:54  Probe (Chrono Boost)  
  32  3:02  Probe (Chrono Boost)  
  32  3:04  Probe (Chrono Boost)  
  33  3:09  Probe x2 (Chrono Boost)  
  35  3:16  Robotics Facility  
  35  3:20  Probe (Chrono Boost)  
  35  3:26  Probe (Chrono Boost), Stalker  
  39  3:29  Probe (Chrono Boost)  
  39  3:33  Probe (Chrono Boost)  
  41  3:35  Probe  
  42  3:45  Probe  
  42  3:47  Probe  
  44  3:50  Nexus  
  44  3:52  Pylon  
  44  3:57  Probe, Stalker  
  44  3:59  Probe  
  48  4:03  Observer  
  48  4:05  Stalker  
  48  4:09  Probe (Chrono Boost)  
  52  4:11  Assimilator  
  52  4:13  Assimilator  
  52  4:14  Probe (Chrono Boost)  
  53  4:21  Probe (Chrono Boost)  
  55  4:27  Probe x2 (Chrono Boost)  
  56  4:33  Observer  
  56  4:35  Probe x2  
  56  4:36  Stalker  
  61  4:43  Stalker  
  63  4:50  Probe x2  
  65  4:55  Immortal  
  69  5:03  Probe x2 (Chrono Boost)  
  71  5:08  Pylon  
  71  5:12  Probe (Chrono Boost)  
  72  5:15  Probe x2 (Chrono Boost), Pylon  
  72  5:17  Stalker x2  
  79  5:22  Probe (Chrono Boost)  
  79  5:23  Probe (Chrono Boost)  
  80  5:28  Gateway  
  80  5:30  Gateway  
  80  5:33  Probe x2  
  80  5:34  Probe  
  80  5:35  Pylon  
  83  5:39  Pylon  
  83  5:43  Gateway  
  83  5:45  Probe x2  
  83  5:46  Probe  
  83  5:48  Gateway  
  86  5:50  Observer  
  87  5:57  Probe  
  87  5:58  Probe x2  
  87  6:00  Nexus  
  87  6:02  Pylon  
  89  6:04  Pylon  
  89  6:09  Probe  
  89  6:10  Probe x2  
  92  6:16  Immortal  
  96  6:21  Probe  
  96  6:25  Twilight Council  
  97  6:30  Forge  
  97  6:32  Forge  
  97  6:33  Forge  
  97  6:34  Probe x3  
  97  6:35  Gateway  
  97  6:38  Gateway  
  97  6:39  Gateway  
  100  6:46  Probe x3  
  103  6:55  Assimilator  
  103  6:57  Assimilator x2  
  103  6:58  Probe  
  104  7:01  Assimilator  
  104  7:02  Probe x2  
  106  7:10  Probe  
  106  7:14  Probe x2  
  109  7:22  Probe  
  109  7:26  Probe  
  109  7:28  Protoss Shields Level 1 (Chrono Boost), Protoss Ground Armor Level 1 (Chrono Boost), Protoss Ground Weapons Level 1 (Chrono Boost)  
  111  7:36  Stalker x3  
  111  7:37  Stalker x6  
  129  7:50  Templar Archives  
  129  7:54  Photon Cannon x2  
  132  8:05  Immortal (Chrono Boost)  
  132  8:20  Robotics Facility x2  
  132  8:35  Photon Cannon  
  132  8:37  Photon Cannon  
  132  8:38  Photon Cannon  
  132  8:39  Photon Cannon  
  132  8:48  Pylon, Nexus  
  132  8:49  Photon Cannon  
  132  8:50  Photon Cannon  
  132  8:52  Probe x2  
  134  9:00  Pylon  
  134  9:02  Pylon  
  134  9:04  Pylon x2  
  134  9:05  Stalker  
  134  9:06  Stalker x8  
  152  9:11  Immortal  
  156  9:18  Pylon  
  156  9:19  Pylon, Immortal x2 (Chrono Boost)  
  155  9:46  Stalker x4  
  155  9:47  Stalker x4  
  155  9:48  Stalker  
  155  9:49  Protoss Ground Armor Level 2 (Chrono Boost)  
  155  9:50  Protoss Ground Weapons Level 2 (Chrono Boost), Protoss Shields Level 2 (Chrono Boost)  
  155  9:52  Immortal (Chrono Boost)  
  147  10:09  Immortal x2 (Chrono Boost)  
  159  10:31  Immortal (Chrono Boost)  
  159  10:46  Immortal x2 (Chrono Boost)  
  159  10:47  High Templar x2  
  159  10:48  High Templar x6  
  159  10:49  High Templar  
  185  10:57  Gateway  
  185  10:59  Gateway  
  185  11:01  Immortal  
  185  11:02  Gateway  
  189  11:04  Gateway  
  189  11:05  Gateway  
  189  11:06  Gateway  
  189  11:09  Archon  
  189  11:10  Archon  
  189  11:15  Immortal x2  
  189  11:16  Gateway  
  189  11:19  Gateway  
  197  12:03  Gateway  
  197  12:05  Gateway x2  
  197  12:06  Gateway  
  197  12:12  Gateway  
  197  12:14  Gateway  
  197  12:15  Gateway  
  197  12:20  Archon x2  
  197  12:51  Nexus  
  197  12:52  Pylon  
  197  12:54  Stalker x4  
  197  12:55  Pylon  
  197  12:57  High Templar  
  197  12:58  High Templar x3  
  197  13:09  Archon  
  197  13:10  Archon  
  187  13:36  Cybernetics Core  
  187  13:40  Pylon, Twilight Council  
  168  13:42  Pylon  
  168  13:44  Templar Archives  
  168  13:46  Pylon, Assimilator x2  
  166  13:49  Pylon  
  166  13:50  Probe x2, Pylon x2  
  166  13:51  Probe x2  
  166  13:54  Pylon x3  
  166  13:55  Stalker x4  
  171  13:56  Stalker x2  
  171  14:02  Probe  
  179  14:03  Probe x3  
  157  14:32  Gateway  
  157  14:34  Gateway  
  157  14:35  Gateway  
  157  14:38  Gateway, Robotics Facility  
  157  14:39  Robotics Facility  
  157  14:40  Gateway  
  157  14:42  Gateway x2  
  157  14:43  Gateway  
  157  14:44  Gateway x2  
  157  14:45  Gateway  
  153  15:30  Stalker  
  153  15:31  Stalker x2  
  153  15:34  Stalker  
  161  15:35  Stalker  
  161  15:39  Stalker x2  
  161  15:40  Stalker x3  
  165  15:51  Immortal x2 (Chrono Boost)  
  165  16:02  Stalker x2  
  165  16:03  Stalker x2  
  154  16:18  Stalker x2  
  155  16:19  Stalker x4  
  155  16:23  Observer  
  124  16:51  Observer  
  124  16:52  Cybernetics Core  
  115  17:05  Probe (Chrono Boost)  
  115  17:08  Probe (Chrono Boost)  
  117  17:13  Observer  
  117  17:15  Probe (Chrono Boost)  
  120  17:18  Probe (Chrono Boost)  
  120  17:21  Probe (Chrono Boost)  
  121  17:27  Probe (Chrono Boost)  
  123  17:32  Probe (Chrono Boost)  
  123  17:35  Probe (Chrono Boost)  
Show
View Real Time Build Order
Export as new Build Order

WoOdPuShEr Protoss 

Build Orders: 1 Gate Expand 

Get SALT Encoding   

  12  0:01  Probe (Chrono Boost)  
  13  0:10  Probe (Chrono Boost)  
  14  0:15  Probe (Chrono Boost)  
  15  0:28  Pylon  
  15  0:46  Probe  
  15  0:48  Gateway  
  16  0:59  Probe  
  17  1:11  Probe  
  18  1:15  Nexus  
  18  1:25  Assimilator  
  18  1:42  Forge  
  18  1:49  Pylon  
  18  2:04  Cybernetics Core  
  18  2:06  Zealot  
  20  2:12  Gateway  
  20  2:16  Photon Cannon  
  20  2:26  Probe (Chrono Boost)  
  22  2:38  Probe (Chrono Boost)  
  22  2:39  Zealot  
  22  2:43  Probe (Chrono Boost)  
  25  2:53  Probe  
  25  2:55  Gateway  
  26  3:00  Zealot  
  26  3:05  Probe  
  29  3:13  Twilight Council  
  30  3:21  Pylon  
  30  3:22  Probe (Chrono Boost)  
  30  3:28  Probe (Chrono Boost)  
  32  3:36  Probe x2 (Chrono Boost)  
  32  3:39  Warp Gate  
  33  3:44  Probe (Chrono Boost)  
  33  3:45  Probe (Chrono Boost)  
  35  3:54  Probe x2 (Chrono Boost)  
  37  3:57  Assimilator  
  37  4:00  Probe (Chrono Boost)  
  37  4:01  Probe (Chrono Boost)  
  39  4:06  Zealot  
  39  4:08  Probe (Chrono Boost)  
  42  4:10  Zealot  
  42  4:13  Probe (Chrono Boost)  
  42  4:14  Protoss Ground Weapons Level 1  
  45  4:20  Probe (Chrono Boost)  
  46  4:27  Probe (Chrono Boost)  
  47  4:31  Probe (Chrono Boost)  
  47  4:36  Probe (Chrono Boost)  
  49  4:42  Assimilator  
  49  4:43  Probe (Chrono Boost)  
  49  4:44  Assimilator  
  50  4:51  Dark Shrine  
  50  4:52  Probe (Chrono Boost)  
  51  4:56  Pylon  
  51  4:58  Probe (Chrono Boost)  
  52  5:00  Pylon  
  54  5:14  Probe  
  59  5:20  Pylon  
  59  5:22  Pylon  
  59  5:26  Probe  
  54  5:33  Gateway  
  54  5:35  Gateway  
  54  5:38  Probe  
  54  5:40  Gateway, Photon Cannon  
  55  5:43  Photon Cannon  
  55  5:45  Photon Cannon  
  55  5:47  Pylon  
  55  5:50  Probe  
  55  5:53  Pylon  
  55  5:55  Stalker x2  
  60  6:02  Probe  
  61  6:20  Gateway  
  61  6:29  Dark Templar x3  
  61  6:30  Dark Templar  
  69  6:34  Nexus  
  69  6:39  Robotics Facility  
  69  6:46  Pylon  
  69  6:53  Gateway  
  69  6:56  Gateway  
  69  7:02  Dark Templar x2  
  69  7:03  Dark Templar x2  
  77  7:15  Assimilator  
  77  7:20  Dark Templar, Assimilator  
  79  7:25  Photon Cannon  
  79  7:31  Observer  
  80  7:41  Gateway  
  80  7:42  Gateway  
  80  7:50  Gateway  
  80  7:52  Gateway  
  80  7:53  Observer  
  80  7:57  Stalker x2  
  85  8:01  Stalker x3  
  85  8:03  Dark Templar  
  93  8:15  Stalker  
  95  8:25  Protoss Ground Weapons Level 2  
  95  8:34  Stalker x3  
  95  8:35  Stalker  
  95  8:40  Charge  
  103  8:43  Probe (Chrono Boost)  
  104  8:53  Probe (Chrono Boost)  
  105  8:58  Probe (Chrono Boost)  
  105  9:10  Probe (Chrono Boost)  
  106  9:21  Dark Templar x4  
  106  9:22  Probe (Chrono Boost), Dark Templar  
  106  9:24  Zealot  
  119  9:28  Probe (Chrono Boost)  
  120  9:36  Probe  
  113  9:48  Probe  
  69  10:13  Dark Templar x2  
  69  10:14  Dark Templar x3  
  75  10:16  Zealot  
  75  10:17  Zealot x4  
  89  10:22  Probe (Chrono Boost)  
  89  10:28  Probe (Chrono Boost)  
  91  10:32  Probe (Chrono Boost)  
  93  10:36  Probe (Chrono Boost)  
  93  10:39  Probe (Chrono Boost)  
  93  10:41  Probe (Chrono Boost)  
  93  10:42  Stalker x2  
  99  10:45  Zealot  
  99  10:48  Probe  
  103  10:50  Observer  
  103  10:52  Probe  
  104  10:58  Protoss Ground Armor Level 1  
  104  11:01  Probe  
  105  11:04  Probe, Nexus  
  105  11:08  Dark Templar x2  
  111  11:11  Observer  
  111  11:12  Dark Templar  
  113  11:29  Dark Templar  
  113  11:30  Dark Templar x2  
  113  11:32  Zealot x2  
  121  11:33  Zealot  
  125  11:47  Pylon  
  125  11:51  Pylon  
  125  11:56  Pylon  
  125  12:00  Pylon  
  125  12:02  Pylon  
  125  12:04  Pylon  
  125  12:05  Probe, Pylon  
  126  12:08  Dark Templar  
  126  12:09  Dark Templar  
  130  12:17  Probe (Chrono Boost)  
  131  12:29  Probe (Chrono Boost)  
  133  12:30  Probe (Chrono Boost)  
  133  12:34  Stalker x2  
  133  12:35  Stalker  
  140  12:38  Probe x2 (Chrono Boost)  
  140  12:43  Probe x2 (Chrono Boost)  
  141  12:48  Dark Templar x3  
  141  12:49  Dark Templar  
  151  12:55  Probe  
  144  13:07  Probe  
  90  13:42  Dark Templar x4  
  90  13:43  Dark Templar x3  
  87  14:22  Stalker x2  
  91  14:28  Pylon  
  91  14:29  Pylon  
  91  14:32  Pylon  
  90  14:47  Pylon  
  59  15:36  Nexus  
  59  15:40  Pylon  
  59  15:42  Pylon  
  54  15:45  Pylon  
  11  17:20  Probe (Chrono Boost)  
  7  17:30  Probe (Chrono Boost)  
Tags
 
Add a new tag
Caveats
  • Supply blocks, unpowered buildings, or Contaminate may cause inaccurate times.
  • Supply counts are checked every 10 seconds.